 Dungeon Crawl Stone Soup version 0.23-a0-488-g5fd82c5 (webtiles) character file.

107 TheGoonsmith the Chopper (level 4, -4/41 HPs)
             Began as a Hill Orc Fighter on Nov 25, 2018.
             Was an Initiate of Okawaru.
             Slain by a gnoll
             ... wielding a +0 halberd
              (8 damage)
             ... on level 3 of the Dungeon on Dec 1, 2018.
             The game lasted 00:05:20 (1859 turns).

TheGoonsmith the Chopper (Hill Orc Fighter)         Turns: 1859, Time: 00:05:21

Health: -4/41      AC: 13    Str: 24    XL:     4   Next: 86%
Magic:  4/4        EV:  4    Int:  8    God:    Okawaru [......]
Gold:   63         SH:  9    Dex: 10    Spells: 3/3 levels left

rFire    . . .     SeeInvis .   a - +0 war axe
rCold    . . .     Gourm    .   c - +0 shield
rNeg     . . .     Faith    .   k - +0 plate armour
rPois    .         Spirit   .   (no helmet)
rElec    .         Reflect  .   (no cloak)
rCorr    .         Harm     .   (no gloves)
MR       .....                  g - +0 pair of boots
Stlth    ..........             (no amulet)
HPRegen  0.13/turn              (no ring)
MPRegen  0.09/turn              (no ring)

@: mighty, lethally poisoned (-4 -> -5)
A: no striking features
a: Renounce Religion


You were on level 3 of the Dungeon.
You worshipped Okawaru.
Okawaru was noncommittal.
You were very hungry.

You visited 1 branch of the dungeon, and saw 3 of its levels.

You collected 63 gold pieces.

Inventory:

Hand Weapons
 a - a +0 war axe (weapon)
Armour
 b - a +0 scale mail
 c - a +0 shield (worn)
 g - a +0 pair of boots (worn)
 k - a +0 plate armour (worn)
Jewellery
 l - an uncursed ring of ice {unknown}
Potions
 e - 4 potions of curing {unknown}
 h - 3 potions of brilliance {unknown}
 i - a potion of degeneration {unknown}
 j - 2 potions of haste {unknown}
Comestibles
 f - 4 rations


   Skills:
 + Level 4.4 Fighting
 * Level 5.0 Axes
 + Level 4.0 Armour
 - Level 3.2 Shields
 + Level 0.4 Invocations


You had 3 spell levels left.
You didn't know any spells.
Your spell library was empty.

Dungeon Overview and Level Annotations

Branches:
Dungeon (3/15)

Altars:
Okawaru


Message History

The adder barely misses you.
You feel very mighty all of a sudden.
You feel sick. The adder completely misses you.
Your plate armour prevents you from hitting the adder.
You block the adder's attack. You block the gnoll's attack.
The adder bites you. The gnoll barely misses you.
You slash the adder!
You kill the adder!
Okawaru accepts your kill.
Your Axes skill increases to level 5!
You block the gnoll's attack.
You feel sick.
You closely miss the gnoll. The gnoll hits you with a +0 halberd!
* * * LOW HITPOINT WARNING * * *
The gnoll hits you with a +0 halberd.
* * * LOW HITPOINT WARNING * * *
You hit the gnoll.
The gnoll is heavily wounded.
The gnoll hits you with a +0 halberd!
You die...

##########
#...gg@..#
###
#.######.#
..# #.#
####.# #.#
#g# #....#
#.# #g#
#.#### #.#
#.# #.# #
#.#######.#
#.#
###.....g...#
#.#
....#########
#.#


You could see 2 gnolls.

Vanquished Creatures
  5 adders
  A worm (D:2)
  2 dart slugs (D:2)
  A leopard gecko (D:2)
  5 giant cockroaches
  7 goblins
  5 hobgoblins (D:2)
  3 jackals (D:3)
  2 quokkas (D:2)
  A ball python (D:1)
  6 bats
  4 frilled lizards
  6 kobolds
  10 rats
58 creatures vanquished.

Notes
Turn   | Place    | Note
-------+----------+-------------------------------------------
     0 | D:1      | TheGoonsmith the Hill Orc Fighter began the quest for the
                  | Orb.
     0 | D:1      | Reached XP level 1. HP: 19/19 MP: 1/1
   143 | D:1      | Reached skill level 3 in Axes
   182 | D:1      | Reached XP level 2. HP: 27/27 MP: 2/2
   729 | D:2      | Reached XP level 3. HP: 33/33 MP: 3/3
   779 | D:2      | Upgraded the game from 0.23-a0-458-g93a6ea9 to
                  | 0.23-a0-488-g5fd82c5
   843 | D:2      | Reached skill level 4 in Axes
  1199 | D:2      | Reached XP level 4. HP: 25/40 MP: 4/4
  1673 | D:3      | Found an iron altar of Okawaru.
  1688 | D:3      | Became a worshipper of Warmaster Okawaru
  1856 | D:3      | Reached skill level 5 in Axes
  1859 | D:3      | Slain by a gnoll

Vault maps used:
D:1:      lemuel_arrival_hallway, st_stairs_8, minmay_pentomino_o4
D:2:      item_on_display_a
D:3:      corexii_item_surrounded_by_moat, okawaru_trees_1, uniq_ijyb

Skill      XL: |  1  2  3  4 |
---------------+-------------+-----
Axes           | 3 4 5 |  5.0
Fighting       | 4 |  4.4
Armour         | 4 |  4.0
Shields        | |  3.2
Invocations    | |  0.4

Action                   |  1- 3 |  4- 6 || total
-------------------------+-------+-------++-------
Melee: War axe           |   106 |    59 ||   165
  Use: Potion            |       |     1 ||     1
  Eat: Chunk             |       |     2 ||     2
Armor: Scale mail        |    63 |    18 ||    81
       Plate armour      |       |    27 ||    27
Dodge: Dodged            |    34 |    19 ||    53
Block: Shield            |    40 |    40 ||    80

Table legend:
 A = Non-vault XP
 B = Vault XP
 C = Vault XP percentage of total XP
 D = Non-vault monster count
 E = Vault monster count
 F = Vault count percentage of total count
                 A         B        C        D         E       F
            +---------+---------+-------+---------+---------+-------
      Total |     150 |       4 |   2.6 |      54 |       4 |   6.9
            +---------+---------+-------+---------+---------+-------
        D:1 |      24 |       4 |  14.3 |      16 |       4 |  20.0
        D:2 |      79 |       0 |   0.0 |      30 |       0 |   0.0
        D:3 |      47 |       0 |   0.0 |       8 |       0 |   0.0
            +---------+---------+-------+---------+---------+-------
